 Dungeon Crawl Stone Soup version 0.25-a0-942-g87a53962fc (webtiles) character file.

Game seed: 860774272493544630, levelgen mode: deterministic

78 1994 the Chopper (level 4, 0/38 HPs)
             Began as a Minotaur Gladiator on May 7, 2020.
             Succumbed to an adder's poison
             ... on level 2 of the Dungeon.
             The game lasted 00:03:40 (1363 turns).

1994 the Chopper (Minotaur Gladiator)               Turns: 1363, Time: 00:03:41

Health: 0/38       AC:  4    Str: 20    XL:     4   Next: 15%
Magic:  3/3        EV: 13    Int:  5    God:
Gold:   70         SH:  0    Dex: 11    Spells: 3/3 levels left

rFire    . . .     SeeInvis .   a - +0 war axe
rCold    . . .     Gourm    .   (no shield)
rNeg     . . .     Faith    .   b - +0 leather armour
rPois    .         Spirit   .   c - +0 hat
rElec    .         Reflect  .   r - +0 cloak
rCorr    .         Harm     .   (no gloves)
MR       +....                  (no boots)
Stlth    +.........             (no amulet)
HPRegen  0.12/turn              (no ring)
MPRegen  0.08/turn              (no ring)

@: lethally poisoned (0 -> -3)
A: retaliatory headbutt, horns 2, talons 1, magic resistance 1, mutation
resistance 1
a: no special abilities


You were on level 2 of the Dungeon.
You were hungry.

You visited 1 branch of the dungeon, and saw 2 of its levels.

You collected 70 gold pieces.

Inventory:

Hand Weapons
 a - a +0 war axe (weapon)
 m - a cursed -3 spear
Missiles
 d - 3 throwing nets (quivered)
 e - 63 stones
 i - 39 poisoned darts
 q - 21 sling bullets
Armour
 b - a +0 leather armour (worn)
 c - a +0 hat (worn)
 r - a +0 cloak (worn)
Scrolls
 g - a scroll of enchant armour {unknown}
 j - a scroll of identify {unknown}
 k - 4 scrolls of teleportation {unknown}
 o - a scroll of fog {unknown}
 p - a scroll of random uselessness {unknown}
 s - 3 scrolls of remove curse {unknown}
Potions
 h - a potion of flight
Comestibles
 f - a ration


   Skills:
 + Level 3.2 Fighting
 * Level 4.7 Axes
 - Level 2.0 Throwing
 + Level 1.8 Armour
 + Level 3.8 Dodging


You had 3 spell levels left.
You didn't know any spells.
Your spell library was empty.

Dungeon Overview and Level Annotations

Branches:
Dungeon (2/15)

Altars:
Xom


Innate Abilities, Weirdness & Mutations

You reflexively headbutt those who attack you in melee.
You have a pair of horns on your head.
You have sharp toenails.
You are resistant to hostile enchantments. (MR+)
You are somewhat resistant to further mutation.


Message History

It was a potion of mutation.
You feel extremely strange.
You feel resistant to hostile enchantments.
Your toenails lengthen and sharpen.
You feel genetically stable.
* * * LOW HITPOINT WARNING * * *
You feel sick.
It was a potion of cancellation.
Your magical effects are unravelling.
You feel magically purged.
You float gracefully downwards.
Okay, then.
Unknown command.
* * * LOW HITPOINT WARNING * * *
You feel sick.
* * * LOW HITPOINT WARNING * * *
You feel sick.
Unknown command.
* * * LOW HITPOINT WARNING * * *
You feel sick.
* * * LOW HITPOINT WARNING * * *
You feel sick.
You die...

#.......###..)......
#.......###........#
#...................
########.####..............
#........## #..............
#.######..# #..............
#######'############.....
#......).†....# #.....
#.......@.....# #.####
#.............# #'#
#...#≈≈≈≈≈#...# ...
#...≈≈###≈≈...# .....
#...≈# #≈...# #...... +...≈
≈...+ #....... ...≈ ≈...
#....... .. ≈...# ###.#...


There were no monsters in sight!

Vanquished Creatures
  3 adders (D:2)
  A worm (D:2)
  9 bats
  A giant cockroach (D:2)
  7 goblins (D:1)
  4 hobgoblins
  4 jackals (D:1)
  5 frilled lizards
  5 kobolds
  7 rats
46 creatures vanquished.

Notes
Turn   | Place    | Note
-------+----------+-------------------------------------------
     0 | D:1      | 1994 the Minotaur Gladiator began the quest for the Orb.
     0 | D:1      | Reached XP level 1. HP: 18/18 MP: 0/0
   182 | D:1      | Reached XP level 2. HP: 15/25 MP: 1/1
   207 | D:1      | Reached skill level 4 in Axes
   467 | D:1      | Reached skill level 1 in Armour
   587 | D:1      | Reached XP level 3. HP: 30/30 MP: 2/2
   843 | D:2      | Found a shimmering altar of Xom.
  1343 | D:2      | Reached XP level 4. HP: 18/38 MP: 3/3
  1351 | D:2      | Gained mutation: You are resistant to hostile enchantments.
                  | (MR+) [potion of mutation]
  1351 | D:2      | Gained mutation: You have sharp toenails. [potion of
                  | mutation]
  1351 | D:2      | Gained mutation: You are somewhat resistant to further
                  | mutation. [potion of mutation]
  1357 | D:2      | HP: 1/38 [poisoned by an adder]
  1363 | D:2      | Succumbed to an adder's poison

Levels and vault maps discovered:
D:1:      evilmike_arrival_rings, layout_rooms, minmay_crystal_room
D:2:      kennysheep_big_flooded_room, layout_basic, first_ration,
          grunt_ministairs_14, kennysheep_path_1, lemuel_altar_in_water

Skill      XL: |  1  2  3 |
---------------+----------+-----
Axes           | 4 |  4.7
Armour         | 1 |  1.8
Fighting       | 3 |  3.2
Throwing       | |  2.0
Dodging        | |  3.8

Action                   |  1- 3 |  4- 6 || total
-------------------------+-------+-------++-------
Melee: War axe           |    85 |     6 ||    91
       Headbutt          |     6 |       ||     6
  Use: Potion            |       |     3 ||     3
  Eat: Chunk             |     1 |       ||     1
Armor: Leather armour    |    18 |     3 ||    21
Dodge: Dodged            |    78 |     5 ||    83

Table legend:
 A = Non-vault XP
 B = Vault XP
 C = Vault XP percentage of total XP
 D = Non-vault monster count
 E = Vault monster count
 F = Vault count percentage of total count
                 A         B        C        D         E       F
            +---------+---------+-------+---------+---------+-------
      Total |      98 |      14 |  12.5 |      44 |       2 |   4.3
            +---------+---------+-------+---------+---------+-------
        D:1 |      53 |       0 |   0.0 |      33 |       0 |   0.0
        D:2 |      45 |      14 |  23.7 |      11 |       2 |  15.4
            +---------+---------+-------+---------+---------+-------
